 Dungeon Crawl Stone Soup version 0.31-a0-1-g4198be8af4 (webtiles) character file.

Game seed: 6818368412901852166

226 Aneyh the Poker (level 6, 0/55 HPs)
             Began as a Tengu Monk on May 2, 2023.
             Succumbed to a water moccasin's poison
             ... on level 4 of the Dungeon.
             The game lasted 00:05:43 (2807 turns).

Aneyh the Poker (Tengu Monk)                        Turns: 2807, Time: 00:05:44

Health: 0/55       AC: 23    Str: 12    XL:     6   Next: 1%
Magic:  7/7        EV:  2    Int: 10    God:
Gold:   169        SH:  0    Dex: 18    Spells: 5/5 levels left

rFire   + . .        a - +0 spear
rCold   . . .        d - orb {light}
rNeg    . . .        b - melded +0 robe
rPois   +            (helmet currently unavailable)
rElec   .            q - melded +0 cloak
rCorr   .            (gloves currently unavailable)
SInv    .            (boots unavailable)
Will    .....        (no amulet)
Stlth   +            i - ring of protection from fire
HPRegen 0.29/turn    (no ring)
MPRegen 0.10/turn

%: no passive effects
@: lethally poisoned (0 -> -5), tree-form, attractive, hasted, glowing,
invisible (but backlit and visible), very quick
A: stationary, stasis, torment immunity, boosted hp, (beak), (talons 3), nimble
flight
a: no special abilities


You were on level 4 of the Dungeon.
You were a tree.
You visited 1 branch of the dungeon, and saw 4 of its levels.

You collected 169 gold pieces.

Inventory:

Hand Weapons
 a - a +0 spear (weapon)
 C - a +2 mace of protection
Missiles
 g - 2 poisoned darts (quivered)
Armour
 b - a +0 robe (melded)
 c - a +2 tower shield
 d - an orb of light (worn)
 q - a +0 cloak (melded)
Jewellery
 i - a ring of protection from fire (left branch)
 j - a +6 ring of intelligence
 y - a ring of protection from fire
Scrolls
 e - 2 scrolls of immolation {unknown}
 f - a scroll of torment {unknown}
 h - a scroll of acquirement {unknown}
 l - a scroll of poison {unknown}
 n - 7 scrolls of identify {unknown}
 o - 2 scrolls of noise {unknown}
 r - a scroll of teleportation {unknown}
 v - a scroll of amnesia {unknown}
 w - a scroll of magic mapping {unknown}
 x - a scroll of summoning {unknown}
 A - a scroll of enchant armour {unknown}
Potions
 k - a potion of might
 m - a potion of attraction
 t - a potion of lignification
 u - a potion of resistance {unknown}
 z - a potion of cancellation {unknown}
 B - 2 potions of curing {unknown}


   Skills:
 - Level 3.0 Fighting
 + Level 7.1 Polearms
 - Level 3.2 Dodging


You had 5 spell levels left.
You didn't know any spells.
Your spell library contained the following spells:

 Spells                   Type           Power      Damage    Failure   Level
 Sublimation of Blood     Necr           0%         N/A       50%         2
 Wereblood                Tmut           0%         N/A       50%         2
 Gell's Gravitas          Tloc           0%         N/A       75%         3
 Teleport Other           Tloc           0%         N/A       75%         3
 Dispersal                Tloc           0%         N/A       100%        6
 Summon Hydra             Summ           0%         N/A       100%        7


Dungeon Overview and Level Annotations

Branches:
Dungeon (4/15)
 Temple: D:4-7

Altars:
Qazlal

Shops:
D:3 =


Innate Abilities, Weirdness & Mutations

You are a tree.
Your roots penetrate the ground, keeping you stationary.
You cannot be teleported.
You are immune to unholy pain and torment.
Your maximum health is greatly increased.
Your equipment is partially melded.
((You have a beak for a mouth.))
((You have claws for feet.))
Your magical nature lets you fly swiftly and evasively.


Message History

You hit the water moccasin but do no damage.
You claw the water moccasin, but do no damage.
The water moccasin is heavily wounded.
The water moccasin closely misses you. The endoplasm barely misses you.
You barely miss the water moccasin. Your peck misses the water moccasin.
The water moccasin is heavily wounded.
The water moccasin bites you.
You are poisoned.
The water moccasin poisons you! The endoplasm freezes you.
You are frozen.
The water moccasin attacks as you move away!
The water moccasin bites you.
You feel very sick.
You feel very sick. The water moccasin bites you!
* * * LOW HITPOINT WARNING * * *
You hit the water moccasin but do no damage.
You claw the water moccasin.
The water moccasin is heavily wounded.
* * * LOW HITPOINT WARNING * * *
You feel sick. The water moccasin bites you.
* * * LOW HITPOINT WARNING * * *
It was a potion of attraction.
You feel attractive to monsters.
* * * LOW HITPOINT WARNING * * *
You feel very sick. The water moccasin misses you.
It was a potion of haste.
You feel yourself speed up.
* * * LOW HITPOINT WARNING * * *
You feel sick. The water moccasin closely misses you.
It was a potion of lignification.
You turn into a tree.
Your +0 cloak melds into your body.
Your +0 robe melds into your body.
Your roots penetrate the ground.
* * * LOW HITPOINT WARNING * * *
You feel sick.
The water moccasin bites you but does no damage.
It was a potion of invisibility.
You become transparent, but the glow from your halo prevents you from becoming completely invisible.
You die...

#######
#...#.##
#......#
#...#♣##
##.##S####
#####.#.J...#
#........##.#
#.#####.[.....
###.#
#.###.##..
#...# #.# J#
..# #.#.# #.
.# (.
#.#.#####. ..
.


You could see a water moccasin and an endoplasm.

Vanquished Creatures
  2 orc priests (D:3)
  Ijyb (D:2)
  Jessica (D:2)
  Terence (D:3)
  Robin (D:3)
  An adder (D:3)
  2 worms
  2 dart slugs
  3 orcs (D:3)
  4 endoplasms
  2 giant cockroaches
  11 goblins
  4 hobgoblins
  2 kobolds
  7 ball pythons
  4 bats (D:3)
  2 frilled lizards
  9 rats
59 creatures vanquished.

Vanquished Creatures (others)
  5 plants (D:3)
5 creatures vanquished.

Grand Total: 64 creatures vanquished

Notes
Turn   | Place    | Note
-------+----------+-------------------------------------------
     0 | D:1      | Aneyh the Tengu Monk began the quest for the Orb.
     0 | D:1      | Reached XP level 1. HP: 14/14 MP: 2/2
   184 | D:1      | Reached XP level 2. HP: 19/19 MP: 3/3
   415 | D:1      | Reached skill level 4 in Polearms
   986 | D:2      | Noticed Jessica
   993 | D:2      | Killed Jessica
   994 | D:2      | Reached skill level 5 in Polearms
   994 | D:2      | Reached XP level 3. HP: 15/23 MP: 4/4
  1460 | D:2      | Found a faded altar of an unknown god.
  1568 | D:3      | Reached XP level 4. HP: 28/28 MP: 5/5
  1572 | D:3      | Found Ulijurue's Jewellery Emporium.
  1897 | D:3      | Noticed Terence
  1978 | D:3      | Noticed Ijyb
  2149 | D:2      | Killed Ijyb
  2150 | D:2      | Reached skill level 6 in Polearms
  2150 | D:2      | Gained mutation: Your magical nature lets you fly swiftly
                  | and evasively. [Tengu growth]
  2150 | D:2      | Reached XP level 5. HP: 25/32 MP: 6/6
  2211 | D:3      | Found a stormy altar of Qazlal.
  2318 | D:3      | Noticed Robin
  2341 | D:3      | Killed Robin
  2664 | D:3      | Killed Terence
  2665 | D:3      | Reached skill level 7 in Polearms
  2665 | D:3      | Reached XP level 6. HP: 22/37 MP: 7/7
  2792 | D:4      | Noticed a water moccasin
  2805 | D:4      | HP: 1/37 [poisoned by a water moccasin]
  2807 | D:4      | Succumbed to a water moccasin's poison

Illustrated notes

Levels and vault maps discovered:
D:1:      sevenhm_arrival_forest_fort_large_2, layout_loops_ring
D:2:      layout_loops_ring, shapermc_ecumenical_altar_petra,
          minmay_crystal_room, minmay_misc_feat_plants, uniq_jessica
D:3:      layout_basic, nicolae_qazlal_scattered_showers, serial_shops, shop,
          serial_bayou_pond_b, minivault_25, uniq_terence, uniq_robin, uniq_ijyb
D:4:      minmay_evil_eye, layout_loops_corners, dk_yredelemnul_ordeal

Skill      XL: |  1  2  3  4  5 |
---------------+----------------+-----
Polearms       | 5 6 7 |  7.1
Fighting       | |  3.0
Dodging        | |  3.2

Action                     |  1- 3 |  4- 6 || total
---------------------------+-------+-------++-------
  Melee: Spear             |    46 |   103 ||   149
         Peck              |     4 |    15 ||    19
         Kick              |     4 |    27 ||    31
  Throw: Dart              |     4 |     4 ||     8
    Use: Potion            |       |     5 ||     5
   Stab: Sleeping          |       |     1 ||     1
 Armour: Robe              |     3 |     8 ||    11
         Skin              |       |     1 ||     1
  Dodge: Dodged            |     2 |    51 ||    53

Table legend: (Time is in decaauts)
 A = Elapsed time spent in this place.
 B = Non-inter-level travel time spent in this place.
 C = Inter-level travel time spent in this place.
 D = Time resting spent in this place.
 E = Time spent auto-exploring this place.
 F = Levels seen in this place.
 G = Mean time per level.
                   A        B        C        D        E       F      G
               +--------+--------+--------+--------+--------+-----+--------+
         Total |   2740 |   2461 |    279 |    208 |   1745 |   4 |  685.0 |
       Dungeon |   2740 |   2461 |    279 |    208 |   1745 |   4 |  685.0 |
               +--------+--------+--------+--------+--------+-----+--------+

Top non-repeatable levels by time:
     D:2: 1032 daAuts
     D:3: 879 daAuts
     D:1: 774 daAuts
     D:4: 54 daAuts
